Map: Data-C

Players

ShoWTimE

  • Race: Protoss Protoss
  • Spawn Location: 3:00

DPGDark (Dark) - Winner!

  • Race: Zerg Zerg
  • League: Master
  • Spawn Location: 9:00

VOD

Have the link to the VOD?

Description

Time

  • Played on: Oct. 22, 2022, 9:18 a.m.
  • Length: 13:53
Show
View Real Time Build Order
Export as new Build Order

ShoWTimE Protoss 

Build Orders: 1 Gate Expand, Oracle Opening 

Get SALT Encoding   

  12  0:00  Probe  
  13  0:12  Probe  
  14  0:18  Pylon  
  14  0:24  Probe (Chrono Boost)  
  15  0:36  Probe (Chrono Boost)  
  15  0:39  Gateway  
  16  0:45  Probe (Chrono Boost)  
  16  0:47  Assimilator  
  17  0:51  Probe  
  18  1:03  Probe  
  19  1:15  Probe  
  20  1:25  Nexus  
  20  1:28  Probe  
  21  1:38  Cybernetics Core  
  21  1:44  Assimilator  
  21  1:47  Probe  
  22  1:53  Pylon  
  22  1:59  Probe  
  23  2:11  Probe (Chrono Boost)  
  23  2:14  Adept  
  26  2:16  Stargate  
  26  2:22  Probe (Chrono Boost)  
  27  2:24  Warp Gate  
  27  2:27  Probe (Chrono Boost)  
  28  2:37  Probe (Chrono Boost)  
  28  2:43  Probe (Chrono Boost)  
  30  2:44  Stalker  
  30  2:47  Probe (Chrono Boost)  
  30  2:51  Probe (Chrono Boost)  
  34  2:52  Probe (Chrono Boost)  
  35  2:59  Oracle (Chrono Boost)  
  35  3:02  Probe  
  35  3:04  Probe  
  40  3:08  Pylon  
  40  3:14  Probe  
  40  3:16  Probe  
  42  3:26  Oracle (Chrono Boost), Probe  
  43  3:28  Probe  
  47  3:37  Nexus  
  47  3:39  Probe  
  47  3:41  Probe  
  49  3:44  Pylon  
  49  3:51  Probe  
  49  3:52  Assimilator  
  49  3:53  Oracle (Chrono Boost), Probe  
  51  4:02  Assimilator  
  54  4:03  Probe  
  54  4:05  Probe  
  56  4:10  Pylon  
  56  4:15  Probe  
  57  4:17  Probe  
  58  4:24  Twilight Council  
  58  4:27  Probe, Gateway  
  58  4:28  Gateway  
  58  4:29  Probe  
  60  4:35  Forge  
  60  4:39  Probe (Chrono Boost), Stalker  
  60  4:41  Probe (Chrono Boost)  
  64  4:49  Probe (Chrono Boost)  
  64  4:52  Probe (Chrono Boost)  
  67  4:53  Probe (Chrono Boost)  
  67  4:56  Blink (Chrono Boost), Pylon  
  67  4:59  Probe (Chrono Boost)  
  69  5:00  Probe (Chrono Boost)  
  69  5:01  Probe (Chrono Boost)  
  69  5:03  Stalker  
  69  5:04  Protoss Ground Weapons Level 1 (Chrono Boost), Probe (Chrono Boost)  
  69  5:05  Probe  
  73  5:08  Probe  
  73  5:13  Shield Battery  
  75  5:15  Probe  
  75  5:18  Probe  
  75  5:20  Probe  
  78  5:27  Probe  
  78  5:28  Stalker x3  
  85  5:30  Probe  
  85  5:32  Probe  
  85  5:34  Assimilator  
  87  5:38  Assimilator  
  87  5:39  Pylon  
  87  5:40  Probe  
  87  5:42  Probe  
  89  5:47  Gateway  
  89  5:48  Gateway  
  89  5:52  Stalker x2  
  93  5:58  Gateway  
  93  5:59  Stalker  
  96  6:04  Probe x3, Pylon  
  96  6:10  Templar Archives  
  98  6:17  Pylon  
  98  6:20  Photon Cannon  
  98  6:23  Robotics Facility  
  98  6:32  Photon Cannon  
  98  6:34  Photon Cannon  
  98  6:37  Psionic Storm  
  98  6:38  Stalker x3  
  104  6:46  Probe x3  
  107  6:51  High Templar x2  
  111  6:57  Nexus  
  111  6:58  Pylon  
  111  6:59  Gateway  
  111  7:03  Pylon  
  111  7:06  Pylon  
  111  7:12  High Templar x3  
  117  7:17  Observer, Probe x3  
  117  7:20  Photon Cannon  
  117  7:21  Photon Cannon  
  121  7:23  Shield Battery  
  121  7:24  Protoss Ground Weapons Level 2 (Chrono Boost)  
  121  7:25  Forge  
  121  7:27  Pylon  
  121  7:30  Probe x2  
  121  7:31  Probe  
  121  7:32  Assimilator  
  121  7:34  Assimilator  
  124  7:38  Immortal  
  124  7:42  Photon Cannon  
  124  7:44  Stalker x2  
  132  7:54  Shield Battery  
  132  7:55  Shield Battery x2  
  132  7:56  High Templar  
  132  7:58  Stalker  
  136  8:00  Charge  
  136  8:04  Zealot x3  
  142  8:14  Protoss Ground Armor Level 1 (Chrono Boost)  
  142  8:20  Stalker x2  
  142  8:24  Shield Battery  
  142  8:25  Stalker  
  142  8:26  Stalker x3  
  154  8:33  Stalker  
  154  8:40  Probe x3  
  152  8:49  Nexus  
  149  8:56  Photon Cannon  
  149  8:59  Photon Cannon  
  149  9:01  Pylon  
  149  9:02  Pylon  
  149  9:13  Pylon  
  149  9:22  Stalker x7  
  159  9:37  Probe  
  159  9:38  Probe  
  153  9:48  Zealot x7  
  162  9:55  Nexus  
  150  10:15  Stalker x6, Pylon  
  150  10:17  Pylon  
  158  10:32  Immortal, Pylon  
  152  10:38  Probe  
  152  10:39  Stalker x6  
  146  10:54  Probe x3  
  146  10:56  Zealot  
  147  11:05  Stalker x5  
  147  11:06  Probe x2  
  147  11:07  High Templar  
  161  11:16  High Templar  
  151  11:29  High Templar x4  
  157  11:35  Gateway  
  157  11:39  Gateway  
  155  11:41  Gateway  
  155  11:44  Shield Battery  
  151  11:50  Stalker  
  151  11:54  Gateway  
  145  12:02  Stalker x2  
  147  12:15  Gateway  
  141  12:17  Gateway, Photon Cannon  
  141  12:19  Photon Cannon  
  141  12:21  Shield Battery, Archon x2  
  141  12:25  Stalker x3  
  147  12:35  Stalker x3  
  151  12:39  Observer (Chrono Boost)  
  150  12:44  Gateway  
  148  12:52  Stalker x4  
  148  12:53  Immortal (Chrono Boost)  
  148  12:58  Archon  
  148  12:59  Archon  
  148  13:01  Zealot x3  
Show
View Real Time Build Order
Export as new Build Order

DPGDark Zerg - Winner!

Build Orders: Hatch First, Lurkers, Swarm Host 

Get SALT Encoding   

  12  0:00  Drone  
  13  0:12  Overlord  
  13  0:17  Drone  
  14  0:31  Drone x2  
  16  0:49  Hatchery  
  15  0:51  Drone  
  15  0:54  Drone  
  17  0:59  Drone  
  18  1:09  Extractor  
  17  1:14  Spawning Pool  
  17  1:15  Drone  
  17  1:20  Drone  
  18  1:29  Drone  
  19  1:38  Drone  
  20  1:49  Drone  
  22  2:01  Zergling x2, Queen x2  
  22  2:04  Drone  
  27  2:10  Metabolic Boost  
  27  2:15  Overlord  
  27  2:16  Drone  
  28  2:33  Drone x4  
  32  2:42  Hatchery  
  31  2:47  Queen  
  33  2:51  Overlord  
  33  2:54  Zergling x2  
  33  2:56  Drone  
  35  2:58  Drone  
  36  3:09  Queen  
  36  3:10  Drone x3  
  41  3:17  Overlord  
  41  3:18  Drone x2  
  43  3:20  Drone  
  44  3:29  Spore Crawler  
  44  3:33  Spore Crawler, Queen  
  44  3:35  Overlord  
  44  3:36  Drone  
  44  3:38  Drone  
  44  3:41  Drone  
  47  3:45  Drone x2  
  47  3:46  Drone  
  50  3:49  Drone  
  50  3:51  Drone  
  50  3:53  Queen, Extractor  
  53  3:56  Drone  
  53  3:59  Zergling x4  
  53  4:01  Drone  
  58  4:02  Drone  
  58  4:07  Drone x2  
  60  4:13  Drone x2  
  60  4:15  Spore Crawler  
  60  4:16  Drone  
  61  4:20  Drone x2  
  61  4:22  Drone x2  
  63  4:26  Drone  
  63  4:27  Drone  
  65  4:31  Lair  
  65  4:35  Overlord  
  65  4:40  Roach Warren  
  65  4:44  Extractor  
  65  4:45  Drone, Extractor, Evolution Chamber  
  62  4:48  Drone x6  
  65  4:54  Drone  
  65  4:55  Drone x3  
  65  4:56  Drone x2  
  65  4:59  Drone  
  72  5:03  Drone  
  72  5:05  Overlord  
  72  5:06  Overlord  
  73  5:09  Overlord  
  73  5:11  Overlord  
  73  5:12  Zerg Missile Weapons Level 1  
  73  5:16  Overlord  
  73  5:19  Extractor x2  
  71  5:24  Drone x5  
  71  5:25  Drone x2  
  78  5:28  Glial Reconstitution  
  78  5:30  Roach  
  78  5:31  Roach  
  82  5:39  Roach x4  
  90  5:44  Roach  
  90  5:45  Roach x2  
  96  5:51  Zergling x2  
  96  5:52  Zergling x10  
  96  5:53  Ravager x2  
  103  6:02  Hatchery  
  102  6:12  Drone x4  
  102  6:17  Infestation Pit  
  105  6:20  Drone x7  
  112  6:33  Drone  
  112  6:34  Overlord x4  
  112  6:37  Overlord  
  113  6:40  Overseer  
  113  6:45  Extractor  
  112  6:48  Spore Crawler, Extractor  
  112  6:52  Roach x3  
  120  6:54  Roach x5  
  126  7:08  Nydus Network  
  120  7:09  Drone x4  
  123  7:20  Zerg Missile Weapons Level 2  
  123  7:21  Swarm Host x9  
  150  7:25  Drone x2  
  150  7:28  Swarm Host x2  
  158  7:32  Overlord  
  158  7:34  Roach  
  160  7:40  Overlord  
  160  7:41  Overlord x4  
  160  7:48  Nydus Canal  
  160  7:52  Swarm Host x2  
  166  8:03  Nydus Canal  
  166  8:06  Roach x9  
  166  8:09  Ravager  
  166  8:10  Ravager x2  
  187  8:15  Zergling x12  
  191  8:29  Nydus Canal  
  191  8:40  Roach  
  191  8:41  Roach x4  
  199  8:46  Zergling x6  
  199  8:47  Zergling x8  
  200  8:53  Hive  
  200  8:55  Hydralisk Den, Ravager  
  199  8:59  Spine Crawler x3  
  197  9:07  Nydus Canal  
  194  9:10  Ravager x2  
  194  9:14  Zergling x12  
  195  9:28  Zergling x20  
  190  9:40  Roach x4  
  190  9:45  Roach x5  
  195  9:52  Roach x5  
  199  9:53  Roach x3  
  198  10:06  Roach x8  
  198  10:09  Zerg Missile Weapons Level 3  
  198  10:13  Lurker Den  
  197  10:15  Ravager  
  197  10:18  Nydus Canal  
  188  10:33  Roach x7  
  199  10:40  Zergling x6  
  190  10:51  Roach x8  
  199  10:57  Ravager x2  
  200  11:11  Adaptive Talons  
  186  11:28  Hydralisk x7  
  186  11:29  Hydralisk  
  196  11:33  Ravager  
  196  11:34  Ravager  
  196  11:37  Nydus Canal  
  183  11:50  Hydralisk x2  
  183  11:51  Zergling x6  
  188  11:55  Nydus Canal  
  175  12:02  Hydralisk x2  
  171  12:08  Seismic Spines  
  166  12:15  Lurker x5  
  166  12:16  Lurker x3  
  166  12:17  Lurker x2  
  166  12:18  Zergling x14, Roach x6  
  194  12:30  Grooved Spines  
  192  12:37  Zergling x8  
  192  12:40  Hydralisk  
  197  12:52  Zergling x2  
  197  12:53  Zergling x4  
  198  13:00  Hydralisk x2  
Tags
 
Add a new tag
Caveats
  • Supply blocks, unpowered buildings, or Contaminate may cause inaccurate times.
  • Supply counts are checked every 10 seconds.